 Dungeon Crawl Stone Soup version 0.22-a0-248-gc8378ba (webtiles) character file.

1760167 mhoghedin the Slayer (level 27, 254/260 HPs)
             Began as a Black Draconian Wizard on Feb 28, 2018.
             Was the Champion of Ashenzari.
             Escaped with the Orb
             ... and 3 runes!
             The game lasted 04:45:05 (67829 turns).

mhoghedin the Slayer (Black Draconian Wizard)      Turns: 67829, Time: 04:45:06

Health: 254/260    AC: 16    Str: 13    XL:     27
Magic:  37/50      EV: 24    Int: 35    God:    Ashenzari [******]
Gold:   3048       SH: 18    Dex: 10    Spells: 1/54 levels left

rFire    + + +     SeeInvis +   r - +3 demon trident of Bloody Death {freeze, Str+3 Int+2} (curse)
rCold    + . .     Gourm    .   m - +5 shield (curse)
rNeg     . . .     Faith    .   (armour unavailable)
rPois    .         Spirit   .   Z - +0 mask of the Dragon {MR+ Slay+3 SInv} (curse)
rElec    +         Reflect  .   u - scarf {repulsion} (curse)
rCorr    .         Harm     .   O - +0 pair of gloves of Muoh {Regen+} (curse)
MR       +++++     Clarity  +   W - +1 pair of boots of Miracles {Dex+3 Stlth+} (curse)
Stlth    +.........             I - amulet "Watsodda" {RegenMP +Fly rF+ rC+ Int+4} (curse)
HPRegen  0.93/turn              R - ring of Interdependent Arising {MR+ MP+9} (curse)
MPRegen  0.57/turn              N - ring of Dih Zyen {Wiz +Inv rF+ MR+ Dex-3} (curse)

@: swift, flying, glowing, drained, repel missiles, very quick
A: breathe lightning, unfitting armour, big wings, stinger 1, fire resistance 3,
sense surroundings 1, electricity resistance, weak 1, cold-blooded, AC +13
0: Orb of Zot
}: 3/15 runes: decaying, serpentine, silver
a: Breathe Lightning, Stop Flying, Curse Item, Scrying, Transfer Knowledge,
Renounce Religion, Evoke Invisibility


You escaped.
You worshipped Ashenzari.
Ashenzari was exalted by your worship.
You were not hungry.

You visited 10 branches of the dungeon, and saw 50 of its levels.
You visited 1 bazaar.
You also visited: Labyrinth, Ice Cave, Volcano and Wizlab.

You collected 6068 gold pieces.
You spent 3020 gold pieces at shops.

Inventory:

Hand Weapons
 r - the cursed +3 demon trident of Bloody Death (weapon) {freeze, Str+3 Int+2}
   (You acquired it on level 3 of the Elven Halls)

   It has been specially enchanted to freeze those struck by it, causing extra
   injury to most foes and up to half again as much damage against particularly
   susceptible opponents.
   It can also slow down cold-blooded creatures.
   It affects your strength (+3).
   It affects your intelligence (+2).
   It has a curse placed upon it.
Missiles
 a - 4 throwing nets {=f, !d}
Armour
 m - a cursed +5 shield (worn)
   (You found it on level 3 of the Lair of Beasts)
 u - a cursed scarf of repulsion (worn)
   (You found it on level 1 of the Lair of Beasts)
 O - the cursed +0 pair of gloves of Muoh (worn) {Regen+}
   (You bought it in a shop on level 4 of the Snake Pit)

   It increases your rate of regeneration.
   It has a curse placed upon it.
 W - the cursed +1 pair of boots of Miracles (worn) {Dex+3 Stlth+}
   (You found it in a labyrinth)

   It affects your dexterity (+3).
   It makes you more stealthy.
   It has a curse placed upon it.
 Z - the cursed +0 mask of the Dragon (worn) {MR+ Slay+3 SInv}
   (You found it on level 5 of the Vaults)

   It affects your accuracy and damage with ranged weapons and melee attacks
   (+3).
   It affects your resistance to hostile enchantments.
   It lets you see invisible.
   It has a curse placed upon it.
Jewellery
 I - the cursed amulet "Watsodda" (around neck) {RegenMP +Fly rF+ rC+ Int+4}
   (You took it off a vampire mage on level 1 of the Elven Halls)

   [amulet of magic regeneration]

   It increases your magic regeneration.
   It affects your intelligence (+4).
   It protects you from fire.
   It protects you from cold.
   It lets you fly.
   It has a curse placed upon it.
 N - the cursed ring of Dih Zyen (right hand) {Wiz +Inv rF+ MR+ Dex-3}
   (You took it off an ironbrand convoker on level 5 of the Vaults)

   [ring of wizardry]

   It improves your spell success rate.
   It affects your dexterity (-3).
   It protects you from fire.
   It affects your resistance to hostile enchantments.
   It lets you turn invisible.
   It has a curse placed upon it.
 R - the cursed ring of Interdependent Arising (left hand) {MR+ MP+9}
   (You took it off a minotaur in a labyrinth)

   [ring of magical power]

   It affects your resistance to hostile enchantments.
   It affects your magic capacity (+9).
   It has a curse placed upon it.
Wands
 i - a wand of digging (35)
   (You took it off a gnoll on level 2 of the Dungeon)
 q - a wand of acid (21)
   (You found it on level 5 of the Vaults)
 A - a wand of scattershot (7)
   (You found it on level 3 of the Snake Pit)
Scrolls
 b - 4 scrolls of magic mapping {!r}
 d - 6 scrolls of vulnerability {!r!r}
 f - 12 scrolls of teleportation
 g - 9 scrolls of blinking {!r}
 h - 8 scrolls of amnesia
 k - 7 scrolls of remove curse
 s - a scroll of summoning
 v - 3 scrolls of torment {!r}
 y - 4 scrolls of holy word {!r}
 D - 5 scrolls of silence
 G - 6 scrolls of fog
 L - 9 scrolls of fear
 T - 18 scrolls of identify
Potions
 j - 19 potions of curing
 p - 6 potions of magic
 w - 3 potions of mutation {!q}
 x - a potion of cancellation
 z - 2 potions of resistance
 B - a potion of invisibility
 C - 2 potions of haste
 F - 3 potions of berserk rage {!q}
 Q - 4 potions of agility
 U - 2 potions of brilliance
 X - a potion of might
Miscellaneous
 e - 3 phantom mirrors
 o - a phial of floods
   (You found it on level 3 of the Elven Halls)
 t - 3 boxes of beasts
 E - a crystal ball of energy
   (You found it on level 4 of the Lair of Beasts)
 H - a lightning rod (4/4)
   (You found it on level 12 of the Dungeon)
 V - a lamp of fire
   (You bought it in a shop on level 4 of the Snake Pit)
 Y - a fan of gales
   (You found it on level 1 of the Elven Halls)
Comestibles
 n - 29 rations


   Skills:
 + Level 23.9(23.7) Fighting
 - Level 12.0(15.9) Polearms
 - Level 1.9(1.8) Throwing
 + Level 20.7(23.9) Dodging
 - Level 1.7(4.7) Stealth
 - Level 12.3(14.8) Shields
 - Level 14.0(13.7) Spellcasting
 - Level 15.5(19.2) Conjurations
 - Level 4.6(8.8) Charms
 - Level 4.2(8.3) Summonings
 - Level 2.9(6.5) Necromancy
 - Level 4.1(8.2) Translocations
 - Level 7.5(11.8) Transmutations
   Level 2.6(6.1) Fire Magic
 - Level 2.0(5.1) Ice Magic
 - Level 6.1(10.4) Air Magic
 - Level 20.1(23.3) Earth Magic
   Level 2.4(5.8) Poison Magic
 - Level 14.1(17.9) Evocations


You had one spell level left.
You knew the following spells:

 Your Spells              Type           Power        Failure   Level  Hunger
a - Shroud of Golubria    Chrm/Tloc      ######....   1%          2    None
b - Blink                 Tloc           N/A          1%          2    None
c - Iron Shot             Conj/Erth      ########..   1%          6    ###....
d - Apportation           Tloc           ######       1%          1    None
e - Statue Form           Tmut/Erth      #######..    1%          6    ###....
f - Summon Lightning Spi  Summ/Air       ######..     1%          4    None
g - Shatter               Erth           ########..   4%          9    #######
h - Freezing Cloud        Conj/Ice/Air   #######...   1%          6    ###....
i - Orb of Destruction    Conj           ########..   1%          7    #####..
q - Aura of Abjuration    Summ           ######....   1%          5    None
r - Regeneration          Chrm/Necr      ######....   1%          3    None
s - Swiftness             Chrm/Air       #######.     1%          2    None


Dungeon Overview and Level Annotations

Branches:
Dungeon (15/15)            Temple (1/1) D:5            Lair (6/6) D:10
  Swamp (4/4) Lair:3        Snake (4/4) Lair:4        Slime (0/5) Lair:6
    Orc (2/2) D:12            Elf (3/3) Orc:2        Vaults (5/5) D:13
  Crypt (0/3) Vaults:2     Depths (5/5) D:15            Zot (5/5) Depths:5

Altars:
Ashenzari
Cheibriados
Dithmenos
Elyvilon
Fedhas
Gozag
Hepliaklqana
Kikubaaqudgha
Makhleb
Nemelex Xobeh
Okawaru
Qazlal
Ru
Sif Muna
Trog
Uskayaw
Vehumet
Wu Jian
Xom
Yredelemnul
Zin
The Shining One
Beogh
Jiyva

Shops:
D:12 (   D:13 :   D:14 [[%}   D:15 *   Orc:2 :}?(   Elf:1 :*   Snake:4 }?*[=
Vaults:1 [   Depths:1 *   Depths:5 }=}

Portals:
Hell: Depths:1 Depths:2 Depths:3 Depths:4 Depths:5
Abyss: Depths:4
Pandemonium: Depths:1 Depths:2 Depths:3
Ziggurat: Depths:5

Annotations:
Lair:2 exclusion: 2 oklob plants


Innate Abilities, Weirdness & Mutations

You can breathe wild blasts of lightning.
Your glossy black scales are hard. (AC +13)
You cannot fit into any form of body armour.
Your large and strong wings let you fly indefinitely.
You are resistant to electric shocks. (rElec)
You are cold-blooded and may be slowed by cold attacks.
Your tail ends in a poisonous barb.
Your flesh is almost immune to the effects of heat. (rF+++)
You passively map a small area around you.
You are weak. (Str -2)


Message History

You impale the ynoxinul!!
You kill the ynoxinul!
The ufetubus disappears in a puff of smoke! x3
(D) Dungeon (T) Temple (L) Lair (S) Swamp (P) Snake Pit (M) Slime Pits (O) Orcish Mines (E) Elven Halls (V) Vaults (C) Crypt (U) Depths (H) Hell (Z) Zot
Where to? (Enter - D:7, ? - help)
You see here a book of Minor Magic. 2 sun demons come into view.
The sun demon shouts! x2
There is a stone staircase leading up here.
You fly upwards.
There is a stone staircase leading down here.
(D) Dungeon (T) Temple (L) Lair (S) Swamp (P) Snake Pit (M) Slime Pits (O) Orcish Mines (E) Elven Halls (V) Vaults (C) Crypt (U) Depths (H) Hell (Z) Zot
Where to? (Enter - D:7, ? - help)
You sense a monster nearby.
You feel quick.
You now have 48/50 mp.
MP restored: 50
There is a stone staircase leading up here.
You fly upwards.
You start to feel a little slower.
There is a stone staircase leading down here.
You feel sluggish.
You start waiting.
You start to feel a little faster.
You no longer feel sluggish.
There is a stone staircase leading up here.
You fly upwards.
There is a stone staircase leading down here.
(D) Dungeon (T) Temple (L) Lair (S) Swamp (P) Snake Pit (M) Slime Pits (O) Orcish Mines (E) Elven Halls (V) Vaults (C) Crypt (U) Depths (H) Hell (Z) Zot
Where to? (Enter - D:6, ? - help)
There is a stone staircase leading up here.
You fly upwards.
There is a stone staircase leading down here.
(D) Dungeon (T) Temple (L) Lair (S) Swamp (P) Snake Pit (M) Slime Pits (O) Orcish Mines (E) Elven Halls (V) Vaults (C) Crypt (U) Depths (H) Hell (Z) Zot
Where to? (Enter - D:4, ? - help)
There is a stone staircase leading up here.
You fly upwards.
There is a stone staircase leading down here.
(D) Dungeon (T) Temple (L) Lair (S) Swamp (P) Snake Pit (M) Slime Pits (O) Orcish Mines (E) Elven Halls (V) Vaults (C) Crypt (U) Depths (H) Hell (Z) Zot
Where to? (Enter - D:3, ? - help)
Things that are here:
a +0 rapier; a +0 flail
There is a stone staircase leading up here.
You fly upwards.
There is a stone staircase leading down here.
(D) Dungeon (T) Temple (L) Lair (S) Swamp (P) Snake Pit (M) Slime Pits (O) Orcish Mines (E) Elven Halls (V) Vaults (C) Crypt (U) Depths (H) Hell (Z) Zot
Where to? (Enter - D:2, ? - help)
There is a stone staircase leading up here.
You fly upwards.
There is a stone staircase leading down here.
An Ice Fiend comes into view.
You are feeling hungry.
The Ice Fiend roars!
Here: an Ice Fiend The floor.
Aim: an Ice Fiend You now have 43/50 mp.
The orb of destruction hits the Ice Fiend.
Aim: an Ice Fiend (magical condensation, severely wounded)
The wavering orb of destruction hits the Ice Fiend.
The Ice Fiend gestures at you.
The bolt of cold is repelled.
You now have 38/50 mp.
Aim: an Ice Fiend (almost dead)
The iron shot hits the Ice Fiend.
You kill the Ice Fiend!
You are feeling very hungry.
You now have 32/50 mp.
You eat one of the 30 rations.
That ration really hit the spot!
You feel quick.
You now have 34/50 mp.
An angel comes into view.
Ashenzari warns you: It is wielding a sacred scourge of holy wrath.
There is an open door here.
The angel shouts!
There is a fountain of clear blue water here.
You block the angel's attack.
The angel hits you with a sacred scourge of holy wrath!
You take 7 damage, and have 253/260 hp.
There is a staircase leading out of the dungeon here.
You block the angel's attack. x4
You have escaped!

#..##.##...................#
#.....##.###############..##
#.###.##.#.............#..##
#........#.............#...##
#####.#..#.............#....##
......#..#######'#######.....##
.........#.............#......###
.........'⌠....###....⌠'......+..
...##.##.#......@A.....#......###
#..#..##.#..⌠...>...⌠..#.....## #
##.......###'#######'###....## #
###.###...................## #
#.# ########..###..##..## # #.#
#...###.###..# # #.#
#.#.....##...# # #.#
#.#.######...#######
####.#########.#.................


You could see an angel.

Vanquished Creatures
  9 ancient liches
  5 orbs of fire
  Boris (Vaults:4)
  Saint Roka (Depths:1)
  A caustic shrike (Depths:3)
  Bai Suzhen (Vaults:3)
  2 Killer Klowns (Zot:5)
  Frederick (Depths:5)
  A curse toe (Zot:1)
  14 golden dragons
  A bone dragon (D:14)
  Jory (Depths:5)
  2 electric golems (Zot:5)
  Rupert (Lair:6)
  An Ice Fiend (D:1)
  13 tentacled monstrosities
  21 Orb Guardians
  3 liches
  A deep elf blademaster (Elf:3)
  A deep elf master archer (Elf:3)
  9 quicksilver dragons
  4 titans
  11 death cobs
  5 sphinxes
  Gastronok (Lair:3)
  6 shadow dragons
  3 thorn hunters
  7 draconian monks
  10 tengu reavers
  Roxanne (Snake:3)
  9 storm dragons
  4 nagarajas
  3 draconian knights
  6 fire giants
  Louise (Swamp:2)
  A ghost moth (shapeshifter) (Vaults:4)
  4 deep elf sorcerers
  A ghost moth (Zot:1)
  An iron dragon (Depths:2)
  14 vault wardens
  Aizul (Vaults:3)
  7 frost giants
  An angel (Depths:3)
  5 draconian scorchers
  3 draconian shifters
  30 very ugly things
  2 deep elf elementalists (Elf:3)
  A draconian stormcaller (Depths:5)
  A ghoul (Depths:2)
  2 orc warlords
  20 ironheart preservers
  2 draconian annihilators
  2 spriggan defenders (Depths:4)
  A war gargoyle (Vaults:2)
  The ghost of Anon1729 the Reanimator, a journeyman GnNe of Ashenzari (Lair:3)
  15 stone giants
  5 green draconians
  2 vampire knights (Depths:2)
  9 yellow draconians
  6 deep elf demonologists
  A minotaur (Lab)
  A lorocyproca (Depths:3)
  7 red draconians
  19 purple draconians
  14 black draconians
  7 deep elf annihilators
  10 white draconians
  7 spark wasps
  9 statues (WizLab)
  3 blizzard demons
  2 merfolk javelineers
  14 ettins
  8 deep elf death magi
  A crystal guardian (Vaults:4)
  12 yaktaur captains
  A mummy priest (Elf:1)
  14 fire dragons
  6 deep elf high priests
  7 ice dragons
  11 great orbs of eyes
  3 ghost crabs (Swamp:4)
  15 hydras
  A monstrous demonspawn (Depths:2)
  34 vault guards
  8 spriggan air magi
  2 catoblepae
  A death knight (Vaults:1)
  3 rakshasas
  15 naga warriors
  12 centaur warriors
  29 ogre magi
  61 two-headed ogres
  7 anacondas
  5 alligators
  A titan zombie (Depths:1)
  9 dancing weapons
  2 death yaks
  3 tengu warriors
  9 deep troll earth magi
  10 deep troll shamans
  5 vampire magi
  A small abomination (Elf:3)
  An orc high priest (Elf:1)
  7 shock serpents
  13 naga sharpshooters
  20 deep elf knights
  2 large abominations (Elf:1)
  6 spriggan berserkers
  2 soul eaters
  Nergalle (Orc:2)
  Sonja (D:12)
  A storm dragon zombie (Vaults:3)
  9 iron trolls
  3 shadow wraiths
  2 sun demons (Depths:3)
  A sixfirhy (Depths:1)
  5 hell knights (Depths:4)
  4 unseen horrors
  4 salamander mystics
  6 skeletal warriors
  37 deep trolls
  4 naga ritualists
  6 glowing orange brains
  8 swamp dragons
  3 wolf spider zombies (D:14)
  6 phantasmal warriors
  4 flayed ghosts
  2 shambling mangroves (Swamp:2)
  A tengu zombie (Vaults:3)
  6 wizards
  16 ironbrand convokers
  A tengu skeleton (Depths:1)
  A lindwurm (Lair:6)
  17 deep elf archers
  A harpy (shapeshifter) (Vaults:4)
  7 harpies
  7 necromancers
  5 mana vipers
  16 orc knights
  A shadow dragon skeleton (Vaults:3)
  4 wolf spiders
  11 orc sorcerers
  25 ugly things
  77 deep elf magi
  A faun (shapeshifter) (Vaults:5)
  17 moths of wrath
  13 salamanders
  2 manticores (D:15)
  7 cyclopes
  35 black mambas
  11 vault sentinels
  22 naga magi
  20 elephants
  A rust devil (Depths:3)
  6 torpor snails
  3 ice statues (IceCv)
  A stone giant skeleton (Depths:1)
  3 guardian serpents
  5 spectral swamp worms (Depths:5)
  16 spiny frogs
  An efreet (Depths:2)
  4 kobold demonologists
  2 yaktaur zombies (Vaults:3)
  2 hellwings
  59 yaktaurs
  A yaktaur (shapeshifter) (Depths:4)
  8 freezing wraiths
  8 ice devils (IceCv)
  3 tengu conjurers
  4 anaconda simulacra (IceCv)
  5 komodo dragons
  A red devil (Volcano)
  A harpy zombie (D:14)
  A meliai (shapeshifter) (Vaults:4)
  A jumping spider (shapeshifter) (Vaults:5)
  A polar bear (shapeshifter) (Depths:2)
  10 trolls
  20 hornets
  3 meliai (D:13)
  7 tyrant leeches
  3 raiju (Depths:1)
  A hippogriff (shapeshifter) (Depths:4)
  10 hippogriffs
  2 bog bodies
  A meliai zombie (D:13)
  6 blink frogs
  30 slime creatures
  A redback (shapeshifter) (Vaults:2)
  2 spriggans (shapeshifter) (D:15)
  20 yaks
  2 shadows (Swamp:1)
  2 ynoxinuls
  A vampire (Depths:2)
  14 water elementals
  4 air elementals
  11 spriggans
  A tarantella (shapeshifter) (Depths:5)
  A wraith (D:13)
  5 fire bats (Volcano)
  4 fire elementals
  3 wyverns
  A hungry ghost (D:7)
  5 basilisks
  A steam dragon (D:12)
  A chaos spawn (Depths:2)
  28 vampire mosquitoes
  A warg (D:12)
  A deep troll zombie (Vaults:3)
  An iron troll simulacrum (IceCv)
  An acid dragon (shapeshifter) (Depths:4)
  37 nagas
  14 swamp worms
  A harpy simulacrum (IceCv)
  A soldier ant (D:12)
  An acid dragon (D:11)
  2 hydra simulacra (IceCv)
  A soldier ant (shapeshifter) (Vaults:2)
  11 water moccasins
  2 hell hounds (Lair:1)
  5 porcupines
  39 orc warriors
  A hornet zombie (D:14)
  A human zombie (Vaults:3)
  7 swamp drakes
  3 black bears
  3 sky beasts
  4 phantoms
  An eye of draining (shapeshifter) (Depths:5)
  2 ice beasts
  2 ettin simulacra (IceCv)
  3 eyes of draining
  13 boggarts
  56 ogres
  A necrophage (D:12)
  3 wolves (Lair:3)
  13 centaurs
  5 crocodiles
  A big kobold (D:13)
  15 bullfrogs
  4 earth elementals
  A wyvern zombie (D:14)
  A human simulacrum (Depths:1)
  2 wyvern skeletons
  3 scorpions
  A water moccasin skeleton (D:7)
  8 killer bees
  10 wights
  6 howler monkeys
  7 electric eels
  3 crimson imps
  7 lava snakes
  10 centaur zombies
  A bullfrog zombie (D:10)
  A quasit (Depths:2)
  4 bullfrog skeletons
  6 jellies
  18 orc priests
  A yaktaur simulacrum (Vaults:1)
  16 centaur skeletons
  A gnoll shaman (D:6)
  5 hounds
  An iron imp (Depths:2)
  4 iguanas
  35 orc wizards
  14 worker ants
  A hound zombie (D:3)
  A hound skeleton (D:7)
  2 gnolls
  9 adders
  3 howler monkey skeletons
  8 shadow imps
  A white imp (Depths:2)
  An ooze (D:1)
  An adder zombie (D:5)
  An adder skeleton (D:7)
  A worm (D:2)
  5 dart slugs
  8 leopard geckos
  90 orcs
  3 ball pythons
  4 giant cockroaches
  5 goblins
  7 hobgoblins
  4 jackals
  4 quokkas
  6 bats
  4 frilled lizards
  A goblin skeleton (D:8)
  A goblin zombie (D:8)
  3 hobgoblin zombies (D:8)
  13 kobolds
  A kobold skeleton (D:8)
  A leopard gecko zombie (D:7)
  4 orc skeletons (D:8)
  3 orc zombies (D:8)
  A quokka zombie (D:6)
  7 rats
  A bush (D:2)
  11 crawling corpses
  50 plants
2195 creatures vanquished.

Vanquished Creatures (collateral kills)
  Sojobo (Vaults:3)
  A golden dragon (Zot:4)
  2 Orb Guardians (Zot:5)
  A lich (Vaults:2)
  A deep elf blademaster (Elf:3)
  A deep elf master archer (Elf:3)
  2 death cobs (Zot:4)
  2 thorn hunters
  A tengu reaver (Vaults:3)
  2 draconian monks (Zot:4)
  5 nagarajas (Snake:4)
  A shadow dragon (Vaults:5)
  A frost giant (Depths:3)
  3 deep elf sorcerers (Elf:3)
  A vault warden (Vaults:1)
  2 deep elf elementalists (Elf:3)
  A stone giant (Vaults:5)
  An ironheart preserver (Vaults:1)
  A very ugly thing (Depths:1)
  A deep elf demonologist (Elf:3)
  A deep elf annihilator (Elf:3)
  Azrael (D:13)
  A white draconian (Zot:4)
  2 purple draconians
  2 yellow draconians
  A deep elf death mage (Elf:3)
  2 fire dragons
  Erolcha (Orc:2)
  2 hydras (Swamp:4)
  A yaktaur captain (Vaults:1)
  2 deep elf high priests (Elf:3)
  3 vault guards
  2 ice dragons
  2 naga warriors (Snake:4)
  A rakshasa (Vaults:2)
  2 anacondas
  7 two-headed ogres
  A deep troll shaman (Depths:5)
  2 orc high priests (Elf:1)
  5 naga sharpshooters
  3 deep elf knights
  A wizard (Vaults:2)
  4 swamp dragons
  2 ironbrand convokers (Vaults:3)
  A spriggan druid (Swamp:2)
  A deep troll (Depths:1)
  3 naga ritualists (Snake:4)
  A shambling mangrove (Swamp:4)
  4 deep elf archers
  A lindwurm (Lair:6)
  A shadow dragon zombie (Vaults:3)
  3 ugly things
  11 deep elf magi
  2 orc sorcerers
  A cyclops (Vaults:2)
  A salamander (Snake:4)
  A centaur zombie (D:14)
  3 black mambas
  4 torpor snails (Lair:6)
  3 vault sentinels
  10 naga magi
  2 spiny frogs (Swamp:1)
  A rime drake (shapeshifter) (Vaults:5)
  2 kobold demonologists
  5 yaktaurs
  2 ice devils (IceCv)
  5 hornets
  2 tyrant leeches (Lair:6)
  A bog body (Swamp:2)
  A slime creature (Depths:2)
  A hippogriff (D:8)
  A raiju (Depths:1)
  A stone giant simulacrum (Vaults:3)
  A water elemental (Depths:5)
  3 spriggans
  A wraith (Vaults:1)
  A wyvern (D:14)
  2 fire elementals
  2 vampire mosquitoes
  15 nagas
  A swamp worm (Swamp:2)
  3 hell hounds
  A water moccasin (Snake:3)
  6 swamp drakes
  2 orc warriors (Elf:1)
  6 ogres
  A wyvern zombie (D:14)
  A howler monkey (D:14)
  A hound (D:4)
  7 orc wizards
  2 iguanas
  2 worker ants
  8 gnolls
  11 adders
  2 shadow imps
  An ooze (D:1)
  3 worms
  2 dart slugs
  19 orcs
  3 ball pythons
  2 giant cockroaches (D:1)
  A goblin (D:3)
  A hobgoblin (D:3)
  3 jackals (D:1)
  A bat (D:2)
  2 frilled lizards
  3 kobolds
  5 rats
  5 crawling corpses
287 creatures vanquished.

Vanquished Creatures (others)
  A golden dragon (Zot:1)
  A two-headed ogre (Vaults:3)
  An ogre mage (Depths:2)
  A naga sharpshooter (Snake:4)
  A shadow wraith (Vaults:4)
  A deep elf archer (Elf:1)
  4 deep elf magi
  An air elemental (Elf:1)
  A naga (Snake:2)
  An acid dragon (Vaults:2)
  An ogre (Depths:1)
  2 crimson imps (Depths:2)
  An orc priest (Vaults:2)
  An ufetubus (Depths:2)
  4 orcs
  A crawling corpse (Elf:1)
  14 fungi
  59 plants
96 creatures vanquished.

Grand Total: 2578 creatures vanquished

Notes
Turn   | Place    | Note
-------+----------+-------------------------------------------
     0 | D:1      | mhoghedin the Draconian Wizard began the quest for the Orb.
     0 | D:1      | Reached XP level 1. HP: 14/14 MP: 4/4
     1 | D:1      | Found a runed door.
   177 | D:1      | Reached skill level 1 in Fighting
   227 | D:1      | Reached skill level 2 in Fighting
   227 | D:1      | Reached XP level 2. HP: 17/24 MP: 4/6
   440 | D:1      | Learned a level 2 spell: Blink
   443 | D:1      | Learned a level 2 spell: Call Imp
   733 | D:1      | Reached skill level 3 in Fighting
   784 | D:1      | Reached XP level 3. HP: 18/31 MP: 5/7
  1209 | D:1      | HP: 7/31 [giant cockroach (1)]
  1213 | D:1      | HP: 3/31 [giant cockroach (1)]
  1219 | D:1      | HP: 2/31 [jackal (1)]
  1989 | D:2      | HP: 7/31 [adder (4)]
  1996 | D:2      | HP: 6/31 [poisoned by an adder]
  2004 | D:2      | HP: 5/31 [poisoned by an adder]
  2226 | D:2      | Reached XP level 4. HP: 33/38 MP: 5/8
  2435 | D:2      | Reached skill level 1 in Polearms
  2439 | D:2      | HP: 8/38 [gnoll/spear (5)]
  2903 | D:2      | Reached skill level 2 in Summonings
  3789 | D:3      | Reached XP level 5. HP: 36/45 MP: 8/10
  4015 | D:3      | Reached skill level 2 in Polearms
  4123 | D:3      | Learned a level 3 spell: Conjure Flame
  4482 | D:4      | Reached skill level 1 in Throwing
  4803 | D:4      | Reached skill level 3 in Polearms
  4803 | D:4      | Reached XP level 6. HP: 39/51 MP: 11/11
  4848 | D:4      | Learned a level 3 spell: Mephitic Cloud
  5017 | D:4      | Reached skill level 2 in Dodging
  5182 | D:4      | Reached skill level 4 in Fighting
  5616 | D:5      | Entered Level 5 of the Dungeon
  5628 | D:5      | Your scales start taking on a glossy black colour.
  5628 | D:5      | Reached XP level 7. HP: 59/60 MP: 12/12
  5628 | D:5      | Gained mutation: You are resistant to electric shocks. (rElec) [Black Draconian growth]
  5701 | D:5      | Reached skill level 4 in Polearms
  5701 | D:5      | Reached skill level 3 in Dodging
  5980 | D:5      | Reached skill level 5 in Fighting
  6305 | D:5      | Reached skill level 5 in Polearms
  6360 | D:5      | Found a staircase to the Ecumenical Temple.
  6390 | Temple   | Entered the Ecumenical Temple
  6482 | Temple   | Became a worshipper of Ashenzari the Shackled
  6910 | D:5      | Reached XP level 8. HP: 68/68 MP: 10/13
  7192 | D:6      | Reached skill level 6 in Polearms
  7452 | D:6      | Found an iron altar of Okawaru.
  7935 | D:7      | Reached skill level 1 in Air Magic
  7935 | D:7      | Reached skill level 1 in Poison Magic
  7937 | D:7      | Reached * piety under Ashenzari
  8040 | D:7      | Noticed a hippogriff
  8045 | D:7      | Reached skill level 2 in Conjurations
  8049 | D:7      | Reached skill level 2 in Air Magic
  8059 | D:7      | Killed a hippogriff
  8059 | D:7      | Reached skill level 3 in Air Magic
  8059 | D:7      | Reached skill level 2 in Poison Magic
  8099 | D:7      | Found a blossoming altar of Fedhas.
  8296 | D:7      | Reached skill level 7 in Polearms
  8386 | D:7      | Found a shimmering altar of Xom.
  8386 | D:7      | Found a burning altar of Makhleb.
  8392 | D:7      | Found a faded altar of an unknown god.
  8394 | D:7      | Found a deep blue altar of Sif Muna.
  8396 | D:7      | Found a sparkling altar of Nemelex Xobeh.
  8592 | D:7      | Reached skill level 4 in Dodging
  8592 | D:7      | Reached XP level 9. HP: 70/75 MP: 14/14
  8628 | D:7      | Reached skill level 6 in Fighting
  9553 | D:8      | Found a glowing golden altar of the Shining One.
  9584 | D:8      | Noticed a two-headed ogre
  9612 | D:8      | Killed a two-headed ogre
  9612 | D:8      | Reached skill level 7 in Fighting
  9612 | D:8      | Reached skill level 8 in Polearms
  9612 | D:8      | Reached skill level 5 in Dodging
  9621 | D:8      | Noticed a two-headed ogre
  9678 | D:7      | HP: 19/79 [poisoned by a worker ant]
  9686 | D:7      | HP: 19/79 [poisoned by a worker ant]
 10087 | D:8      | Killed a two-headed ogre
 10087 | D:8      | Reached skill level 8 in Fighting
 10087 | D:8      | Reached skill level 6 in Dodging
 10087 | D:8      | Reached XP level 10. HP: 62/88 MP: 11/15
 10235 | D:8      | Reached skill level 9 in Polearms
 10739 | D:8      | Gained mutation: You have a pair of small horns on your head. [potion of mutation]
 10739 | D:8      | Gained mutation: Your muscles are strong. (Str +2) [potion of mutation]
 10739 | D:8      | Gained mutation: Your tail ends in a poisonous barb. [potion of mutation]
 10739 | D:8      | Gained mutation: Your flesh is heat resistant. (rF+) [potion of mutation]
 10917 | D:9      | Reached skill level 3 in Conjurations
 10917 | D:9      | Reached skill level 1 in Fire Magic
 11040 | D:9      | Reached skill level 2 in Fire Magic
 11085 | D:9      | Reached ** piety under Ashenzari
 11466 | D:9      | Reached skill level 4 in Conjurations
 11619 | D:10     | Entered Level 10 of the Dungeon
 11654 | D:10     | Noticed a two-headed ogre
 11672 | D:10     | HP: 22/88 [two-headed ogre/dire flail of protection (18)]
 11780 | D:10     | HP: 11/89 [orc warrior/flail (21)]
 12173 | D:10     | Found a staircase to the Lair.
 12175 | D:10     | Killed a two-headed ogre
 12186 | D:10     | Reached skill level 7 in Dodging
 12709 | D:10     | Reached skill level 9 in Fighting
 12836 | Lair:1   | Entered Level 1 of the Lair of Beasts
 12888 | Lair:1   | Noticed a spiny frog
 12895 | Lair:1   | Killed a spiny frog
 12938 | Lair:1   | Found a dark tunnel.
 12975 | Volcano  | Entered a volcano
 13149 | Volcano  | Reached XP level 11. HP: 74/97 MP: 16/16
 13263 | Volcano  | Reached skill level 10 in Polearms
 13320 | Volcano  | Noticed a hell knight
 13344 | Volcano  | Found a radiant altar of Vehumet.
 13345 | Volcano  | Noticed a sun demon
 13363 | Volcano  | HP: 11/97 [sun demon (14)]
 13914 | Lair:1   | Identified the +4 mace "Rum Soan" {flame, MR+ Dex+2}
 13976 | Lair:1   | Reached *** piety under Ashenzari
 14371 | Lair:2   | Reached skill level 8 in Dodging
 14461 | Lair:2   | Reached skill level 10 in Fighting
 14748 | Lair:2   | Noticed an oklob plant
 14755 | Lair:2   | Learned a level 2 spell: Shroud of Golubria
 15153 | Lair:2   | Found a snail-covered altar of Cheibriados.
 15193 | Lair:2   | Reached skill level 1 in Charms
 15193 | Lair:2   | Reached skill level 2 in Translocations
 15294 | Lair:2   | Reached skill level 2 in Charms
 15373 | Lair:2   | Reached skill level 3 in Translocations
 15762 | Lair:2   | Noticed an oklob plant
 15812 | Lair:3   | Noticed Anon1729's ghost (journeyman GnNe)
 15878 | Lair:3   | Noticed a four-headed hydra
 15890 | Lair:3   | Killed a four-headed hydra
 15890 | Lair:3   | Reached skill level 3 in Charms
 16050 | Lair:3   | Reached skill level 4 in Translocations
 16109 | Lair:3   | Noticed Gastronok
 16299 | Lair:3   | Noticed a catoblepas
 16316 | Lair:3   | Killed a catoblepas
 16599 | Lair:3   | HP: 5/101 [Gastronok (26)]
 16603 | Lair:3   | Killed Gastronok
 16603 | Lair:3   | Reached skill level 11 in Polearms
 16603 | Lair:3   | Reached XP level 12. HP: 6/108 MP: 8/17
 17159 | Lair:3   | Reached skill level 9 in Dodging
 17168 | Lair:3   | Reached skill level 11 in Fighting
 17309 | Lair:3   | Killed Anon1729's ghost
 17964 | Lair:3   | Found a staircase to the Swamp.
 18678 | Lair:4   | Reached **** piety under Ashenzari
 18829 | Lair:4   | Reached skill level 12 in Fighting
 18829 | Lair:4   | Reached skill level 10 in Dodging
 19445 | Lair:4   | Found a staircase to the Snake Pit.
 20146 | Lair:5   | Reached XP level 13. HP: 96/119 MP: 11/18
 20340 | Lair:4   | Learned a level 6 spell: Statue Form
 20425 | Lair:4   | Reached skill level 1 in Transmutations
 20425 | Lair:4   | Reached skill level 1 in Earth Magic
 20677 | Lair:5   | Reached skill level 2 in Transmutations
 20957 | Lair:5   | Identified the +8 long sword of the Big Fish {freeze, rN+}
 21389 | Lair:6   | Entered Level 6 of the Lair of Beasts
 21529 | Lair:6   | Reached skill level 4 in Spellcasting
 21806 | Lair:6   | Reached skill level 5 in Spellcasting
 21815 | Lair:6   | Learned a level 4 spell: Summon Lightning Spire
 22053 | Lair:6   | Reached ***** piety under Ashenzari
 22171 | Lair:6   | Reached skill level 6 in Spellcasting
 22276 | Lair:6   | HP: 22/119 [elephant (17)]
 22282 | Lair:6   | HP: 4/119 [elephant (19)]
 22526 | Lair:6   | Noticed Rupert
 22557 | Lair:6   | Killed Rupert
 22557 | Lair:6   | Reached skill level 3 in Transmutations
 22557 | Lair:6   | Reached skill level 4 in Air Magic
 22557 | Lair:6   | Reached skill level 2 in Earth Magic
 22572 | Lair:6   | Reached skill level 3 in Earth Magic
 22582 | Lair:6   | Reached skill level 5 in Air Magic
 22784 | Lair:6   | Reached skill level 4 in Transmutations
 22998 | Lair:6   | Found a viscous altar of Jiyva.
 22999 | Lair:6   | Found a staircase to the Slime Pits.
 23141 | Lair:6   | Found a runed door.
 23180 | Lair:6   | Reached skill level 1 in Evocations
 23368 | Lair:6   | Reached skill level 4 in Earth Magic
 23413 | Lair:6   | Identified the +7 spear of Famine {drain, Int+4}
 23592 | Lair:6   | Reached skill level 5 in Transmutations
 24118 | D:11     | Reached skill level 2 in Evocations
 24179 | D:11     | Found a labyrinth entrance.
 24200 | Lab      | Entered a labyrinth
 24296 | Lab      | Noticed a minotaur
 24313 | Lab      | Killed a minotaur
 24313 | Lab      | Identified the ring of Interdependent Arising {MR+ MP+9} (You took it off a minotaur in a labyrinth)
 24313 | Lab      | Reached skill level 1 in Shields
 24313 | Lab      | Gained mutation: Your large and strong wings let you fly indefinitely. [Black Draconian growth]
 24313 | Lab      | Reached XP level 14. HP: 127/127 MP: 17/23
 24326 | Lab      | Found the amulet of the Air {Inacc +Fly rElec EV+5 RMsl}
 24326 | Lab      | Got the uncursed pair of boots of Miracles {Dex+3 Stlth+}
 24382 | D:11     | Identified the +1 pair of boots of Miracles {Dex+3 Stlth+} (You found it in a labyrinth)
 24521 | D:11     | Reached skill level 2 in Shields
 24529 | D:11     | Reached skill level 3 in Evocations
 25241 | D:12     | Reached skill level 3 in Shields
 25329 | D:12     | Identified a lightning rod (4/4)
 25413 | D:12     | Reached skill level 4 in Shields
 25553 | D:12     | Found a staircase to the Orcish Mines.
 25603 | D:12     | Noticed Sonja
 25630 | D:12     | Killed Sonja
 25630 | D:12     | Reached skill level 5 in Shields
 25886 | D:12     | Reached skill level 6 in Shields
 26167 | D:12     | Found Calit's Weapon Emporium.
 26323 | D:13     | Found a gate to the Vaults.
 26337 | D:13     | Reached skill level 7 in Shields
 26453 | D:13     | Reached skill level 8 in Shields
 26491 | D:13     | Noticed Azrael
 26521 | D:13     | Killed Azrael
 26784 | D:13     | Reached skill level 9 in Shields
 27207 | D:13     | Found Vuuduh's Book Emporium.
 27215 | D:13     | Bought a manual of Evocations for 1324 gold pieces
 27412 | D:14     | Reached skill level 4 in Evocations
 27546 | D:14     | Found Onyu's Armour Boutique.
 27605 | D:14     | Reached skill level 5 in Evocations
 27671 | D:14     | Found Menwi's Armour Shoppe.
 27738 | D:14     | Reached skill level 10 in Shields
 27763 | D:14     | Reached skill level 6 in Evocations
 27780 | D:14     | Found Ewienio's Food Boutique.
 27787 | D:14     | Found Culapron's Gadget Shoppe.
 28219 | D:14     | Reached XP level 15. HP: 83/134 MP: 24/24
 28408 | D:14     | Noticed a bone dragon
 28409 | D:14     | Found the +9 sword of Zonguldrok {reap}
 28436 | D:14     | Killed a bone dragon
 28593 | D:15     | Entered Level 15 of the Dungeon
 28614 | D:15     | Reached skill level 6 in Transmutations
 28677 | D:15     | Reached skill level 5 in Earth Magic
 28837 | D:15     | Paralysed by a great orb of eyes for 2 turns
 29161 | D:15     | Found an opulent altar of Gozag.
 29178 | D:15     | Reached skill level 11 in Shields
 29275 | D:15     | HP: 36/174 [centaur warrior/arrow (20)]
 29298 | D:15     | HP: 43/174 [vampire mosquito (1)]
 29305 | D:15     | HP: 40/174 [vampire mosquito (5)]
 29607 | D:15     | Reached skill level 7 in Transmutations
 29661 | D:15     | Found a staircase to the Depths.
 29697 | D:15     | Found Xoqiuwoarr's Pet Rocks.
 29811 | D:15     | Reached ****** piety under Ashenzari
 30186 | D:15     | Reached skill level 6 in Earth Magic
 30271 | D:15     | Learned a level 4 spell: Airstrike
 30413 | Orc:1    | Entered Level 1 of the Orcish Mines
 30540 | Orc:2    | Entered Level 2 of the Orcish Mines
 30874 | Orc:2    | Found a staircase to the Elven Halls.
 30919 | Orc:2    | Found a gateway to a bazaar.
 31104 | Bazaar   | Entered a bazaar
 31104 | Bazaar   | Found Ipupnatt's Book Emporium.
 31104 | Bazaar   | Found Ugeneal's Assorted Antiques.
 31104 | Bazaar   | Found Lilisuj's Weapon Shoppe.
 31104 | Bazaar   | Found Hutifir's Assorted Antiques.
 31104 | Bazaar   | Found Nuxug's Antique Armour Shoppe.
 31195 | Orc:2    | Found a roughly hewn altar of Beogh.
 31337 | Orc:2    | Found Curu Loude's Antique Weapon Shop.
 31357 | Orc:2    | Found a radiant altar of Vehumet.
 31358 | Orc:2    | Noticed Erolcha
 31379 | Orc:2    | Killed Erolcha
 31388 | Orc:2    | Reached skill level 7 in Evocations
 31429 | Orc:2    | Noticed Nergalle
 31442 | Orc:2    | Killed Nergalle
 31505 | Orc:2    | Found a roughly hewn altar of Beogh.
 31507 | Orc:2    | Found Qaymesk's Gadget Shop.
 31543 | Orc:2    | Found Fobaqyub's Book Shop.
 31576 | Orc:2    | Found an ancient bone altar of Kikubaaqudgha.
 31595 | Orc:2    | Found Ilusov's Magic Scroll Boutique.
 31991 | Snake:1  | Entered Level 1 of the Snake Pit
 32118 | Snake:1  | Reached skill level 13 in Fighting
 32355 | Snake:1  | Reached skill level 11 in Dodging
 32478 | Snake:1  | Reached skill level 12 in Shields
 32632 | Snake:1  | Upgraded the game from 0.22-a0-247-gbddf880 to 0.22-a0-248-gc8378ba
 32880 | Snake:1  | Reached XP level 16. HP: 144/144 MP: 25/25
 33498 | Snake:2  | Reached skill level 12 in Polearms
 34263 | Snake:2  | Reached skill level 7 in Spellcasting
 34267 | Snake:2  | Reached skill level 5 in Conjurations
 34447 | Snake:2  | Learned a level 6 spell: Iron Shot
 34630 | Snake:2  | Reached skill level 7 in Earth Magic
 35188 | Snake:3  | Reached skill level 6 in Conjurations
 35229 | Snake:3  | Reached skill level 8 in Evocations
 35388 | Snake:3  | Noticed Roxanne
 35395 | Snake:3  | Killed Roxanne
 35401 | Snake:3  | Identified Roxanne's Papyrus of Transformation (You took it off Roxanne on level 3 of the Snake Pit)
 35843 | Snake:4  | Entered Level 4 of the Snake Pit
 35886 | Snake:4  | Found Hetiod's Gadget Shop.
 35911 | Snake:4  | Found the +0 sword of Power
 35940 | Snake:4  | Reached skill level 9 in Evocations
 35966 | Snake:4  | Found Noicenumi's Magic Scroll Shoppe.
 36019 | Snake:4  | Found Rigin's General Store.
 36076 | Snake:4  | Found Huosar's Jewellery Boutique.
 36083 | Snake:4  | Found Keach's Armour Shop.
 36089 | Snake:4  | Bought the cursed +0 pair of gloves of Muoh {Regen+} for 161 gold pieces
 36124 | Snake:4  | Bought a lamp of fire for 560 gold pieces
 36196 | Snake:4  | Reached skill level 7 in Conjurations
 36222 | Snake:4  | Reached skill level 8 in Earth Magic
 36280 | Snake:4  | Reached skill level 10 in Evocations
 36307 | Snake:4  | Reached XP level 17. HP: 116/150 MP: 26/27
 36648 | Snake:4  | Reached skill level 11 in Evocations
 36843 | Snake:4  | Reached skill level 14 in Fighting
 36848 | Snake:4  | Got a serpentine rune of Zot
 37376 | Swamp:1  | Entered Level 1 of the Swamp
 37627 | Swamp:1  | Reached skill level 12 in Dodging
 37675 | Swamp:1  | Reached skill level 12 in Evocations
 38454 | Swamp:2  | Noticed Louise
 38475 | Swamp:2  | Killed Louise
 39145 | Swamp:3  | Learned a level 1 spell: Apportation
 39306 | Swamp:4  | Entered Level 4 of the Swamp
 39478 | Swamp:4  | Got a decaying rune of Zot
 39497 | Swamp:4  | Reached skill level 15 in Fighting
 39692 | Swamp:4  | Reached XP level 18. HP: 163/163 MP: 29/29
 40266 | Elf:1    | Entered Level 1 of the Elven Halls
 40371 | Elf:1    | Reached skill level 9 in Earth Magic
 40426 | Elf:1    | Reached skill level 8 in Spellcasting
 40489 | Elf:1    | Reached skill level 13 in Dodging
 40930 | Elf:1    | Found Orukeh's Book Boutique.
 40936 | Elf:1    | Found Ifutaquo's Assorted Antiques.
 41188 | Elf:1    | Found a deep blue altar of Sif Muna.
 41371 | Elf:1    | Identified the amulet "Watsodda" {RegenMP +Fly rF+ rC+ Int+4} (You took it off a vampire mage on level 1 of the Elven Halls)
 41503 | Elf:1    | Identified Jeonosal's Disquisition on the Escort
 41780 | Elf:2    | Learned a level 5 spell: Aura of Abjuration
 41818 | Elf:2    | Reached skill level 9 in Spellcasting
 42180 | Elf:2    | Found a runed gate.
 42180 | Elf:2    | Found a runed gate.
 42182 | Elf:2    | Found a runed gate.
 42323 | Elf:3    | Entered Level 3 of the Elven Halls
 42443 | Elf:3    | Found a radiant altar of Vehumet.
 42514 | Elf:3    | Reached skill level 3 in Summonings
 42605 | Elf:3    | Found a frozen archway.
 42622 | IceCv    | Entered an ice cave
 42644 | IceCv    | Reached skill level 10 in Earth Magic
 42973 | IceCv    | Identified 3 scrolls of acquirement
 43129 | Elf:3    | Got the cursed demon trident of Bloody Death {freeze, Str+3 Int+2}
 43130 | Elf:3    | Identified the cursed +3 demon trident of Bloody Death {freeze, Str+3 Int+2} (You acquired it on level 3 of the Elven Halls)
 43137 | Elf:3    | Identified the cursed amulet "Tuiwasol" {Acrobat rF+ SInv} (You acquired it on level 3 of the Elven Halls)
 43605 | Elf:3    | Reached skill level 4 in Summonings
 43606 | Elf:3    | Noticed a Tzitzimitl
 43618 | Elf:3    | Noticed an Ice Fiend
 43641 | Elf:3    | Noticed a Brimstone Fiend
 43644 | Elf:3    | HP: 44/215 [deep elf high priest/damnation (22)]
 43647 | Elf:3    | Reached XP level 19. HP: 47/172 MP: 13/32
 43826 | Elf:3    | Noticed a Tzitzimitl
 44101 | Elf:3    | Identified the +9 great sword of Ohimya Zoup {venom, Dex+3} (You took it off a deep elf demonologist on level 3 of the Elven Halls)
 44110 | Elf:3    | Identified the cursed +2 long sword "Yllidul" {freeze, +Blink Str+2 Stlth+}
 44121 | Elf:3    | Reached skill level 16 in Fighting
 44128 | Elf:3    | Reached skill level 10 in Spellcasting
 44207 | Elf:3    | Identified the +5 morningstar "Ockyh" {freeze, rF++ MR++ Int-4}
 44208 | Elf:3    | Identified the Handbook of the Mutagenic Compass
 44214 | Elf:3    | Identified the +4 quarterstaff of Ascent {crush, rN++ Str-4 Dex+2}
 44220 | Elf:3    | Identified the Guide on Damaging Necromancy
 44528 | Vaults:1 | Entered Level 1 of the Vaults
 44636 | Vaults:1 | Reached skill level 11 in Earth Magic
 44777 | Vaults:1 | Learned a level 9 spell: Shatter
 45019 | Vaults:1 | Reached skill level 12 in Earth Magic
 45717 | Vaults:1 | Found Xaxab's Antique Armour Boutique.
 45978 | Vaults:1 | Reached skill level 13 in Earth Magic
 46648 | Vaults:2 | Reached XP level 20. HP: 180/180 MP: 30/34
 46671 | Vaults:2 | Reached skill level 14 in Earth Magic
 47316 | Vaults:2 | Found a staircase to the Crypt.
 47564 | Vaults:3 | Noticed Bai Suzhen
 47590 | Vaults:3 | Killed Bai Suzhen
 47990 | Vaults:3 | Reached skill level 15 in Earth Magic
 48014 | Vaults:3 | Noticed Aizul
 48018 | Vaults:3 | Killed Aizul
 48038 | Vaults:3 | Noticed Sojobo
 48060 | Vaults:3 | Killed Sojobo
 49008 | Vaults:3 | Reached skill level 16 in Earth Magic
 49269 | Vaults:4 | Found a magical portal.
 49274 | WizLab   | Entered Iskenderun's Mystic Tower
 49810 | WizLab   | Identified Iskenderun's Handbook of Battle Magic
 49810 | WizLab   | Identified Iskenderun's Grimoire of Attacks
 49858 | WizLab   | Reached XP level 21. HP: 148/188 MP: 22/35
 50327 | Vaults:4 | Reached skill level 17 in Earth Magic
 50390 | Vaults:4 | Noticed Boris
 50401 | Vaults:4 | Killed Boris
 51345 | Vaults:5 | Entered Level 5 of the Vaults
 51346 | Vaults:5 | Reached skill level 18 in Earth Magic
 51636 | Vaults:5 | Noticed an ancient lich
 51639 | Vaults:5 | Killed an ancient lich
 51639 | Vaults:5 | Reached skill level 14 in Dodging
 51641 | Vaults:4 | Gained mutation: You are frail. (-10% HP) [mutagenic glow]
 51643 | Vaults:4 | Reached XP level 22. HP: 101/176 MP: 0/36
 52050 | Vaults:5 | Identified the +1 hand axe of the Beginning {elec, *Corrode rElec Str+5}
 52053 | Vaults:5 | Identified the +11 dagger "Caahasof" {antimagic, *Slow MR+ Str+4 Dex+4}
 52085 | Vaults:5 | Reached skill level 11 in Spellcasting
 52270 | Vaults:5 | Learned a level 3 spell: Regeneration
 52551 | Vaults:5 | Reached skill level 17 in Fighting
 52812 | Vaults:5 | Got a silver rune of Zot
 52856 | Vaults:5 | Reached skill level 19 in Earth Magic
 52940 | Vaults:5 | Found the +0 mask of the Dragon {MR+ Slay+3 SInv}
 53283 | Vaults:5 | Identified the +9 dagger of the Dark Horse {pierce, MP+9 Str-4 Dex+7}
 53319 | Vaults:5 | Identified Dopat's Handbook of Lucky Moulding
 53432 | Vaults:5 | Identified the ring of Dih Zyen {Wiz +Inv rF+ MR+ Dex-3} (You took it off an ironbrand convoker on level 5 of the Vaults)
 53621 | Vaults:5 | Learned a level 2 spell: Swiftness
 53907 | Depths:1 | Entered Level 1 of the Depths
 54152 | Depths:1 | HP: 58/234 [raiju/living lightning (2)]
 54157 | Depths:1 | HP: 55/234 [fire dragon (4)]
 54194 | Depths:1 | Found a gateway to Hell.
 54270 | Depths:1 | Found a one-way gate leading to the halls of Pandemonium.
 54496 | Depths:1 | Found Teddien's Island Escapes.
 54502 | Depths:1 | Bought a potion of invisibility for 184 gold pieces
 54502 | Depths:1 | Bought a scroll of teleportation for 69 gold pieces
 54502 | Depths:1 | Bought a scroll of blinking for 172 gold pieces
 54606 | Depths:1 | Noticed Saint Roka
 54614 | Depths:1 | Killed Saint Roka
 54644 | Depths:1 | Reached skill level 15 in Dodging
 54644 | Depths:1 | Reached skill level 12 in Spellcasting
 54853 | Depths:1 | Found the +4 arc blade {discharge, rElec}
 54925 | Depths:1 | Found Kiqer's Food Shop.
 55052 | Depths:1 | Bought a ration for 50 gold pieces
 55052 | Depths:1 | Bought a ration for 50 gold pieces
 55052 | Depths:1 | Bought a ration for 50 gold pieces
 55052 | Depths:1 | Bought a ration for 50 gold pieces
 55052 | Depths:1 | Bought a ration for 50 gold pieces
 55052 | Depths:1 | Bought a ration for 50 gold pieces
 55052 | Depths:1 | Bought a ration for 50 gold pieces
 55052 | Depths:1 | Bought a ration for 50 gold pieces
 55052 | Depths:1 | Bought a ration for 50 gold pieces
 55052 | Depths:1 | Bought a ration for 50 gold pieces
 55052 | Depths:1 | Bought a ration for 50 gold pieces
 55254 | Depths:2 | Reached XP level 23. HP: 186/186 MP: 39/39
 55650 | Depths:2 | Reached skill level 18 in Fighting
 55845 | Depths:2 | Reached skill level 8 in Conjurations
 56392 | Depths:2 | Reached skill level 9 in Conjurations
 57113 | Depths:3 | Reached skill level 16 in Dodging
 57510 | Depths:2 | Learned a level 6 spell: Freezing Cloud
 57628 | Depths:3 | Reached skill level 13 in Spellcasting
 57634 | Depths:3 | Reached skill level 19 in Fighting
 57909 | Depths:3 | Reached skill level 1 in Ice Magic
 57915 | Depths:3 | Reached XP level 24. HP: 198/198 MP: 30/40
 57935 | Depths:3 | Found a glowing golden altar of the Shining One.
 58170 | Depths:3 | Reached skill level 10 in Conjurations
 58220 | Depths:4 | Reached skill level 6 in Air Magic
 58239 | Depths:4 | Reached skill level 2 in Ice Magic
 58298 | Depths:3 | HP: 62/257 [acid (5)]
 58299 | Depths:3 | HP: 30/257 [acid (9)]
 58884 | Depths:4 | Identified the cursed +9 eveningstar of Qestruach {elec, *Corrode Int+4 Stlth+} (You acquired it on level 4 of the Depths)
 58887 | Depths:4 | Found a burning altar of Makhleb.
 58981 | Depths:4 | Found the +3 Elemental Staff {rElec rF++ rC++ MR++ AC+5}
 58981 | Depths:4 | Identified the cursed +3 hand crossbow of Uceon {elec, Int+4}
 59071 | Depths:4 | Found a one-way gate to the infinite horrors of the Abyss.
 59446 | Depths:4 | Reached skill level 17 in Dodging
 59881 | Depths:5 | Entered Level 5 of the Depths
 59994 | Depths:5 | Noticed Frederick
 60002 | Depths:5 | Killed Frederick
 60002 | Depths:5 | Reached skill level 20 in Fighting
 60002 | Depths:5 | Reached skill level 20 in Earth Magic
 60144 | Depths:5 | Found Cuila's Gadget Emporium.
 60146 | Depths:5 | Found Wic Uhomov's Jewellery Shop.
 60149 | Depths:5 | Found Jineizuk's Gadget Emporium.
 60455 | Depths:5 | Found a gate to the Realm of Zot.
 60455 | Depths:5 | Noticed Jory
 60474 | Depths:5 | Killed Jory
 60476 | Depths:5 | Reached skill level 13 in Evocations
 60742 | Depths:5 | Reached XP level 25. HP: 196/209 MP: 40/40
 60975 | Depths:5 | Found a gateway to a ziggurat.
 61062 | Zot:1    | Entered Level 1 of the Realm of Zot
 61555 | Zot:1    | Reached skill level 1 in Necromancy
 61564 | Zot:1    | Reached skill level 4 in Charms
 61565 | Zot:1    | Reached skill level 2 in Necromancy
 61569 | Zot:1    | Reached skill level 14 in Evocations
 62088 | Zot:2    | Reached skill level 18 in Dodging
 62476 | Zot:2    | Reached skill level 21 in Fighting
 62479 | Zot:2    | Reached skill level 11 in Conjurations
 63042 | Zot:3    | Reached skill level 12 in Conjurations
 63905 | Zot:4    | Reached XP level 26. HP: 165/221 MP: 40/40
 64159 | Zot:4    | Reached skill level 19 in Dodging
 64159 | Zot:4    | Reached XP level 27. HP: 84/228 MP: 39/40
 64159 | Zot:4    | HP: 69/296 [death cob (16)]
 64160 | Zot:4    | HP: 20/228 [purple draconian/dire flail (16)]
 64170 | Zot:4    | HP: 53/296 [golden dragon (10)]
 64171 | Zot:4    | Reached skill level 22 in Fighting
 64378 | Zot:3    | Reached skill level 14 in Conjurations
 64501 | Zot:4    | Noticed an orb of fire
 64505 | Zot:4    | Gained mutation: You are occasionally teleported next to monsters. [an orb of fire]
 64517 | Zot:4    | Gained mutation: Scrolls take you a little longer to read. [an orb of fire]
 64517 | Zot:4    | Gained mutation: You are very frail. (-20% HP) [an orb of fire]
 64521 | Zot:4    | Gained mutation: Your spells are a little easier to cast, but a little less powerful. [an orb of fire]
 64523 | Zot:4    | Gained mutation: You are dopey. (Int -2) [an orb of fire]
 64526 | Zot:4    | Killed an orb of fire
 64529 | Zot:4    | Lost mutation: Scrolls take you a little longer to read. [potion of mutation]
 64529 | Zot:4    | Lost mutation: Your muscles are strong. (Str +2) [potion of mutation]
 64529 | Zot:4    | Lost mutation: Your spells are a little easier to cast, but a little less powerful. [potion of mutation]
 64529 | Zot:4    | Lost mutation: You have a pair of small horns on your head. [potion of mutation]
 64529 | Zot:4    | Gained mutation: Your flesh is very heat resistant. (rF++) [potion of mutation]
 64530 | Zot:4    | Lost mutation: Your tail ends in a poisonous barb. [potion of mutation]
 64530 | Zot:4    | Lost mutation: You are occasionally teleported next to monsters. [potion of mutation]
 64530 | Zot:4    | Gained mutation: You passively map a small area around you. [potion of mutation]
 64530 | Zot:4    | Gained mutation: You occasionally shout uncontrollably at your foes. [potion of mutation]
 64530 | Zot:4    | Gained mutation: Your flesh is almost immune to the effects of heat. (rF+++) [potion of mutation]
 64531 | Zot:4    | Lost mutation: You are very frail. (-20% HP) [potion of mutation]
 64531 | Zot:4    | Lost mutation: You occasionally shout uncontrollably at your foes. [potion of mutation]
 64531 | Zot:4    | Lost mutation: You are frail. (-10% HP) [potion of mutation]
 64531 | Zot:4    | Gained mutation: You are somewhat resistant to further mutation. [potion of mutation]
 64531 | Zot:4    | Gained mutation: You have a pair of small antennae on your head. [potion of mutation]
 64532 | Zot:4    | Lost mutation: You are somewhat resistant to further mutation. [potion of mutation]
 64532 | Zot:4    | Lost mutation: You have a pair of small antennae on your head. [potion of mutation]
 64532 | Zot:4    | Gained mutation: Your muscles are strong. (Str +2) [potion of mutation]
 65163 | Zot:4    | Reached skill level 14 in Spellcasting
 65175 | Zot:4    | Learned a level 7 spell: Orb of Destruction
 65670 | Zot:5    | Entered Level 5 of the Realm of Zot
 65931 | Zot:5    | Noticed an ancient lich
 65946 | Zot:5    | Killed an ancient lich
 66005 | Zot:5    | Noticed an ancient lich
 66007 | Zot:5    | Killed an ancient lich
 66011 | Zot:5    | Noticed an ancient lich
 66013 | Zot:5    | Killed an ancient lich
 66013 | Zot:5    | Reached skill level 15 in Conjurations
 66066 | Zot:5    | Noticed an orb of fire
 66066 | Zot:5    | Noticed an orb of fire
 66066 | Zot:5    | Noticed an ancient lich
 66087 | Zot:5    | Noticed an ancient lich
 66100 | Zot:5    | Killed an ancient lich
 66174 | Zot:5    | Gained mutation: Your tail ends in a poisonous barb. [an orb of fire]
 66175 | Zot:5    | Gained mutation: Scrolls take you a little longer to read. [an orb of fire]
 66178 | Zot:5    | Killed an orb of fire
 66183 | Zot:5    | Gained mutation: You tend to lose your temper in combat. [an orb of fire]
 66184 | Zot:5    | Killed an orb of fire
 66282 | Zot:5    | Noticed an ancient lich
 66282 | Zot:5    | Lost mutation: Your muscles are strong. (Str +2) [the power of Zot]
 66288 | Zot:5    | Killed an ancient lich
 66288 | Zot:5    | Reached skill level 23 in Fighting
 66336 | Zot:5    | Noticed an ancient lich
 66350 | Zot:5    | Killed an ancient lich
 66350 | Zot:5    | Reached skill level 20 in Dodging
 66460 | Zot:5    | Noticed an orb of fire
 66532 | Zot:5    | Killed an ancient lich
 66536 | Zot:5    | Killed an orb of fire
 66602 | Zot:5    | Noticed an ancient lich
 66609 | Zot:5    | Killed an ancient lich
 66783 | Zot:5    | Noticed an orb of fire
 66788 | Zot:5    | Gained mutation: You are very dopey. (Int -4) [an orb of fire]
 66789 | Zot:5    | Killed an orb of fire
 66799 | Zot:5    | HP: 49/260 [Orb Guardian (36)]
 66799 | Zot:5    | HP: 12/260 [Orb Guardian (37)]
 66810 | Zot:5    | HP: 45/338 [Orb Guardian (17)]
 66818 | Zot:5    | HP: 32/338 [Orb Guardian (18)]
 66841 | Zot:5    | Lost mutation: Your tail ends in a poisonous barb. [potion of mutation]
 66841 | Zot:5    | Lost mutation: You tend to lose your temper in combat. [potion of mutation]
 66841 | Zot:5    | Lost mutation: Scrolls take you a little longer to read. [potion of mutation]
 66841 | Zot:5    | Gained mutation: You are agile. (Dex +2) [potion of mutation]
 67057 | Zot:5    | Lost mutation: You are agile. (Dex +2) [potion of mutation]
 67057 | Zot:5    | Lost mutation: You are very dopey. (Int -4) [potion of mutation]
 67057 | Zot:5    | Lost mutation: You are dopey. (Int -2) [potion of mutation]
 67057 | Zot:5    | Gained mutation: You are weak. (Str -2) [potion of mutation]
 67057 | Zot:5    | Gained mutation: Your tail ends in a poisonous barb. [potion of mutation]
 67118 | Zot:5    | Got the Orb of Zot
 67829 | D:$      | Escaped with the Orb!

Vault maps used:
D:1:      dpeg_arrival_caged_fury, minmay_ruptured
D:2:      serial_forest, infiniplex_forest_lined_1,
          infiniplex_forest_straight_2, infiniplex_forest_end_2,
          infiniplex_forest_straight_4, infiniplex_forest_end_2,
          infiniplex_forest_clump_long, infiniplex_forest_lined_2,
          infiniplex_forest_clump_cross, minmay_tripent
D:3:      corner_web_ring
D:5:      black_bear_nest_1, minmay_temple_entry_glass, first_ration,
          hangedman_decor_growths, guppyfry_early_orc_mine
D:6:      nicolae_overflow_crystal_walls, moated_statue, kennysheep_donut
D:7:      lemuel_ice_spiral_2, nicolae_overflow_hidden_temple,
          chequers_temple_overflow_minitemple, serial_bayou,
          serial_bayou_crossing, serial_bayou_lagoon_b
D:8:      the_bakery, nicolae_tso_besieged_by_evil
D:9:      serial_undead, serial_undead_b, serial_undead_e, serial_undead_b,
          serial_undead_e, serial_undead_d
D:10:     dpeg_oklobed_lair
D:11:     lab_entry_generic, nicolae_zen_rock_garden
D:12:     erik_orc_4, serial_shops, kennysheep_little_box, kb_rosetta,
          uniq_sonja
D:13:     erik_vaults_2, serial_shops, shop, uniq_azrael
D:14:     serial_shops, shop, shop, nicolae_shop_competitors_out_of_business,
          nicolae_shop_stone, minmay_guarded_unrand_zonguldrok
D:15:     grunt_enter_depths_snipers, lemuel_crystal_altar, spider_trap,
          guppyfry_shop_earth
Temple:   minmay_temple_bridge_d
Lair:1:   enter_volcano_3, minmay_holes
Lair:2:   minivault_23, kennysheep_snail_temple, minmay_lair_oklob_chamber
Lair:3:   wad_woods_structure_01, minmay_swamp_entry_worms, uniq_gastronok
Lair:4:   minmay_snake_entry_guardpost_small, beast_lair_carwin_1,
          lemuel_fruit_fields
Lair:5:   beast_lair_carwin_5
Lair:6:   wormcave, slime_altar_1, eino_small_chamber_without_monster,
          uniq_rupert
Swamp:1:  nicolae_swamp_trees_clearing
Swamp:2:  hangedman_swamp_ruin_wall, uniq_louise
Swamp:3:  evilmike_swamp_ruin_house_4, swamp_pool3
Swamp:4:  swamp, swamp_pool1, infiniplex_staircase_pool
Snake:1:  st_stairs_3
Snake:3:  nicolae_snake_lava_pool, uniq_roxanne
Snake:4:  snake_pit, serial_shops, shop_statue, shop_statue, shop, shop_coins,
          shop, lemuel_fruit_tree
Orc:1:    mines2_david
Orc:2:    kennysheep_orc_mage_school, serial_shops, bzr_entry_gold, basic_altar
Elf:1:    elf_arrival_001, minmay_elf_crystal_heptagon, st_stairs_12,
          hangedman_summoners_spam, minmay_shoptagon
Elf:3:    minmay_elf_hall_quartered_circle, basic_altar,
          portal_ice_cave_entry_pillars_2, amethyst_killhole
Vaults:1: grunt_vaults_focal, hangedman_vaults_capsules, vaults_room_large_hall,
          hangedman_vaults_maws, ontoclasm_vaults_idyll, v_alt_pattern_1,
          grunt_vaults_hallway_short, ontoclasm_vaults_chip,
          nicolae_vaults_three_branches, vaults_room_door_ring, serial_shops,
          nicolae_shop_statue_plus
Vaults:2: nicolae_vaults_little_squares_5, v_pattern_1, hangedman_vaults_unwind,
          minmay_crypt_entry_nasty_monster, nicolae_vaults_rhombus_5,
          vaults_mumra_minichess_inversion, v_misc_4, hangedman_vaults_slice
Vaults:3: hangedman_vaults_hat, nicolae_vaults_little_squares_3, v_misc_24,
          v_alt_pattern_4, v_misc_18, nicolae_vaults_circle_grid_b,
          nicolae_vaults_yaktaur_gun_rack, nicolae_vaults_little_squares_2,
          v_alt_pattern_2, v_misc_28, hangedman_vaults_river_flow,
          vaults_room_door_ring, vaults_mumra_chevron_long,
          vaults_dpeg_diagonal, uniq_bai_suzhen, uniq_aizul, uniq_sojobo
Vaults:4: vaults_room_stairs_pillars, nicolae_vaults_branching_niches,
          nicolae_vaults_big_ls, v_misc_17, nicolae_vaults_specimen_jars,
          v_pattern_5, v_misc_12, v_misc_13, v_misc_5, ontoclasm_vaults_idyll,
          v_misc_29, vaults_dpeg_ring, nicolae_vaults_little_squares_1,
          mu_enter_wizlab_1, serial_glass, uniq_boris
Depths:1: minmay_shoctagon, serial_shops, shop_fountains, chequers_big_river,
          pan_entry, hell_entry, minmay_misc_feat_iff, minivault_16,
          nicolae_island_escapes, uniq_saint_roka
Depths:2: hangedman_six_sided_sadism, grunt_pan_entry_spiral, hell_entry,
          hangedman_decor_peaks_small, serial_bayou_pond_e,
          kennysheep_nondescript, kennysheep_generic_room_13,
          infiniplex_staircase_zigzag_4
Depths:3: abrahamwl_protected_by_tso_3, pf_vacation_house_of_asmodeus,
          rand_demon_pan_entry_9, grunt_ministairs_3,
          infiniplex_staircase_zigzag_1
Depths:4: minmay_the_grid_triangle_9x9_rhombus_full_mashed, abyss_entry,
          hell_entry, serial_bayou_lagoon_a
Depths:5: grunt_zot_entry_funnels, enter_ziggurat_c, pf_hell_entry_tar_river,
          minmay_shop_grove, serial_bayou_shore_a, uniq_frederick, uniq_jory
Zot:1:    hangedman_zot_decor_tridents
Zot:4:    st_stairs_5, grunt_ministairs_6, grunt_megastairs_3
Lab:      labyrinth_watery, nicolae_lab_grate, nicolae_lab_arrow
Bazaar:   bazaar_minmay_row
IceCv:    ice_cave_tombish
Volcano:  volcano_grotto
WizLab:   wizlab_iskenderun

Skill      XL: |  1  2  3  4  5  6  7  8  9 10 11 12 13 14 15 16 17 18 19 20 21 22 23 24 25 26 27 |
---------------+----------------------------------------------------------------------------------+-----
Fighting       | 2 3 4 5 8 9 10 12 13 15 16 17 19 20 21 23 | 23.9
Polearms       | 1 3 5 7 8 9 11 12 | 12.0
Summonings     | 2 4 |  4.2
Throwing       | 1 |  1.9
Dodging        | 2 3 4 6 7 8 10 11 12 13 14 15 16 17 18 19 20 | 20.7
Air Magic      | 3 5 6 |  6.1
Poison Magic   | 2 |  2.4
Conjurations   | 2 4 7 9 10 12 15 | 15.5
Fire Magic     | 2 |  2.6
Charms         | 3 4 |  4.6
Translocations | 4 |  4.1
Transmutations | 5 7 |  7.5
Earth Magic    | 4 6 8 10 13 16 18 19 20 | 20.1
Spellcasting   | 6 7 9 10 12 13 14 | 14.0
Evocations     | 2 6 7 10 12 13 14 | 14.1
Shields        | 1 10 12 | 12.3
Ice Magic      | 1 2 |  2.0
Necromancy     | 2 |  2.9
Stealth        | |  1.7

Action                   |  1- 3 |  4- 6 |  7- 9 | 10-12 | 13-15 | 16-18 | 19-21 | 22-24 | 25-27 || total
-------------------------+-------+-------+-------+-------+-------+-------+-------+-------+-------++-------
Melee: Club              |   110 |       |       |       |       |       |       |       |       ||   110
       Tailslap          |     8 |    47 |    31 |   101 |   219 |   171 |   155 |   138 |   102 ||   972
       Spear             |    35 |   525 |    99 |       |  1835 |  2040 |    26 |       |       ||  4560
       Halberd           |       |       |   337 |   129 |       |       |       |       |       ||   466
       Trident           |       |       |       |   751 |   289 |       |       |       |       ||  1040
       Headbutt          |       |       |       |   106 |   312 |   265 |   212 |   197 |    76 ||  1168
       Demon trident     |       |       |       |       |       |       |  1409 |  1323 |   845 ||  3577
 Fire: Blowgun           |       |     4 |       |     1 |       |       |       |       |       ||     5
Throw: Tomahawk          |       |       |    10 |       |       |       |       |       |       ||    10
       Javelin           |       |       |       |       |     5 |     2 |       |       |       ||     7
       Throwing net      |       |       |       |       |       |       |       |       |     1 ||     1
 Cast: Magic Dart        |    32 |       |     2 |       |       |       |       |       |       ||    34
       Call Imp          |    10 |    40 |    23 |    11 |       |       |       |       |       ||    84
       Blink             |       |     1 |     1 |       |     1 |     6 |     1 |     4 |     5 ||    19
       Mephitic Cloud    |       |       |     7 |    17 |    40 |    19 |    69 |    24 |       ||   176
       Conjure Flame     |       |       |     4 |    14 |    13 |       |       |       |       ||    31
       Shroud of Golubri |       |       |       |    37 |    42 |    56 |    49 |    56 |    27 ||   267
       Summon Lightning  |       |       |       |       |    32 |    71 |    46 |    25 |    15 ||   189
       Statue Form       |       |       |       |       |    24 |    79 |    58 |    51 |    41 ||   253
       Iron Shot         |       |       |       |       |       |    31 |    39 |    24 |    86 ||   180
       Airstrike         |       |       |       |       |       |    16 |     1 |       |       ||    17
       Aura of Abjuratio |       |       |       |       |       |    10 |    12 |     6 |     2 ||    30
       Shatter           |       |       |       |       |       |       |    12 |    53 |     9 ||    74
       Regeneration      |       |       |       |       |       |       |       |    15 |    34 ||    49
       Swiftness         |       |       |       |       |       |       |       |     2 |     5 ||     7
       Freezing Cloud    |       |       |       |       |       |       |       |     8 |    17 ||    25
       Orb of Destructio |       |       |       |       |       |       |       |       |    36 ||    36
Invok: Curse Item        |       |       |     1 |     3 |     5 |     2 |       |     2 |       ||    13
       Scrying           |       |       |       |       |       |       |       |       |     1 ||     1
 Abil: Breathe Lightning |       |       |     3 |    14 |     4 |       |       |       |       ||    21
       End Transformatio |       |       |       |       |       |       |     1 |       |     3 ||     4
       Evoke Invisibilit |       |       |       |       |       |       |       |     1 |     1 ||     2
       Stop Flying       |       |       |       |       |       |       |       |     1 |       ||     1
       Fly               |       |       |       |       |       |       |       |     1 |       ||     1
Evoke: Wand              |       |       |    14 |     6 |    22 |     3 |     3 |     4 |    23 ||    75
       Phantom mirror    |       |       |       |     1 |       |       |       |       |       ||     1
       Lightning rod     |       |       |       |       |       |     7 |       |     4 |       ||    11
       Lamp of fire      |       |       |       |       |       |     4 |     2 |     1 |       ||     7
       Sack of spiders   |       |       |       |       |       |     1 |       |     1 |     1 ||     3
       Phial of floods   |       |       |       |       |       |       |     1 |       |       ||     1
       Box of beasts     |       |       |       |       |       |       |       |     2 |     3 ||     5
       Fan of gales      |       |       |       |       |       |       |       |     1 |       ||     1
  Use: Scroll            |     1 |       |     4 |    18 |    10 |    21 |     2 |    14 |     2 ||    72
       Potion            |     1 |       |     2 |     8 |     3 |     4 |     4 |     1 |    14 ||    37
 Stab: Sleeping          |     2 |     2 |     2 |     3 |    16 |     9 |     4 |     5 |     2 ||    45
       Distracted        |       |     2 |     1 |       |    17 |    25 |    20 |    13 |     4 ||    82
       Confused          |       |       |     7 |     5 |    20 |     6 |    40 |     4 |       ||    82
       Invisible         |       |       |     3 |       |       |       |       |       |       ||     3
  Eat: Chunk             |     2 |    11 |    10 |    11 |    12 |    13 |    18 |    30 |    24 ||   131
       Ration            |     1 |     1 |     3 |     8 |    13 |    19 |    13 |    15 |    10 ||    83
Armor: Skin              |    64 |    92 |   184 |   193 |   352 |   446 |   342 |   446 |   366 ||  2485
Dodge: Dodged            |   115 |   162 |   273 |   383 |   813 |   892 |   656 |   746 |   603 ||  4643
       Deflected         |       |       |       |     4 |    46 |    91 |    54 |    50 |    32 ||   277
Block: Buckler           |       |       |       |       |     8 |       |       |       |       ||     8
       Shield            |       |       |       |       |   673 |  1366 |   985 |  1113 |   834 ||  4971
       Reflection        |       |       |       |       |       |    81 |       |       |       ||    81

Table legend:
 A = Spawn XP
 B = Non-spawn XP
 C = Spawn XP percentage of total XP
 D = Spawn monster count
 E = Non-spawn monster count
 F = Spawn count percentage of total count
 G = Total turns spent on level
                    A         B        C        D         E        F      G
               +---------+---------+-------+---------+---------+-------+---------
         Total |       0 | 1573919 |   0.0 |       0 |    2425 |   0.0 | 67829
               +---------+---------+-------+---------+---------+-------+---------
           D:1 |       0 |      69 |   0.0 |       0 |      38 |   0.0 |  1776
           D:2 |       0 |     141 |   0.0 |       0 |      34 |   0.0 |  2245
           D:3 |       0 |      64 |   0.0 |       0 |      20 |   0.0 |   541
           D:4 |       0 |     451 |   0.0 |       0 |      30 |   0.0 |  1225
           D:5 |       0 |     703 |   0.0 |       0 |      23 |   0.0 |  1190
           D:6 |       0 |     475 |   0.0 |       0 |      24 |   0.0 |   884
           D:7 |       0 |    1720 |   0.0 |       0 |      27 |   0.0 |  1947
           D:8 |       0 |    2778 |   0.0 |       0 |      33 |   0.0 |  1028
           D:9 |       0 |    1108 |   0.0 |       0 |      14 |   0.0 |   864
          D:10 |       0 |    2147 |   0.0 |       0 |      20 |   0.0 |  1539
          D:11 |       0 |    5408 |   0.0 |       0 |      31 |   0.0 |   769
          D:12 |       0 |    8418 |   0.0 |       0 |      65 |   0.0 |  1147
          D:13 |       0 |   13666 |   0.0 |       0 |      53 |   0.0 |  1191
          D:14 |       0 |   20535 |   0.0 |       0 |      69 |   0.0 |  1327
          D:15 |       0 |   16987 |   0.0 |       0 |      48 |   0.0 |  1775
        Lair:1 |       0 |    2306 |   0.0 |       0 |      10 |   0.0 |  1186
        Lair:2 |       0 |    5028 |   0.0 |       0 |      22 |   0.0 |  1640
        Lair:3 |       0 |   12277 |   0.0 |       0 |      33 |   0.0 |  3123
        Lair:4 |       0 |    7196 |   0.0 |       0 |      25 |   0.0 |  1712
        Lair:5 |       0 |    4064 |   0.0 |       0 |      12 |   0.0 |  1092
        Lair:6 |       0 |   20531 |   0.0 |       0 |      46 |   0.0 |  2426
       Swamp:1 |       0 |    8279 |   0.0 |       0 |      24 |   0.0 |   689
       Swamp:2 |       0 |   15949 |   0.0 |       0 |      38 |   0.0 |   697
       Swamp:3 |       0 |    5767 |   0.0 |       0 |      13 |   0.0 |   631
       Swamp:4 |       0 |   23969 |   0.0 |       0 |      48 |   0.0 |   673
       Snake:1 |       0 |   20684 |   0.0 |       0 |      39 |   0.0 |  1502
       Snake:2 |       0 |   19915 |   0.0 |       0 |      43 |   0.0 |  1523
       Snake:3 |       0 |   14499 |   0.0 |       0 |      40 |   0.0 |  1062
       Snake:4 |       0 |   45118 |   0.0 |       0 |      88 |   0.0 |  1251
         Orc:1 |       0 |     123 |   0.0 |       0 |       4 |   0.0 |   136
         Orc:2 |       0 |    9974 |   0.0 |       0 |      55 |   0.0 |  1265
         Elf:1 |       0 |   26877 |   0.0 |       0 |      58 |   0.0 |  1344
         Elf:2 |       0 |   12926 |   0.0 |       0 |      23 |   0.0 |   922
         Elf:3 |       0 |   49614 |   0.0 |       0 |      80 |   0.0 |  1449
      Vaults:1 |       0 |   63175 |   0.0 |       0 |     114 |   0.0 |  1638
      Vaults:2 |       0 |   40407 |   0.0 |       0 |      93 |   0.0 |  1449
      Vaults:3 |       0 |   54979 |   0.0 |       0 |      95 |   0.0 |  1586
      Vaults:4 |       0 |   80557 |   0.0 |       0 |     100 |   0.0 |  1979
      Vaults:5 |       0 |  125259 |   0.0 |       0 |     111 |   0.0 |  1686
      Depths:1 |       0 |   52141 |   0.0 |       0 |      75 |   0.0 |  1220
      Depths:2 |       0 |   85595 |   0.0 |       0 |     114 |   0.0 |  2168
      Depths:3 |       0 |   80807 |   0.0 |       0 |      83 |   0.0 |  1375
      Depths:4 |       0 |   71335 |   0.0 |       0 |      92 |   0.0 |  1291
      Depths:5 |       0 |   83730 |   0.0 |       0 |      69 |   0.0 |  1199
         Zot:1 |       0 |   60221 |   0.0 |       0 |      30 |   0.0 |   976
         Zot:2 |       0 |   35279 |   0.0 |       0 |      17 |   0.0 |   988
         Zot:3 |       0 |   48559 |   0.0 |       0 |      27 |   0.0 |  1115
         Zot:4 |       0 |   88334 |   0.0 |       0 |      52 |   0.0 |  1676
         Zot:5 |       0 |  184039 |   0.0 |       0 |      54 |   0.0 |  1545
           Lab |       0 |    1277 |   0.0 |       0 |       1 |   0.0 |   148
         IceCv |       0 |    8911 |   0.0 |       0 |      25 |   0.0 |   484
       Volcano |       0 |    1576 |   0.0 |       0 |      11 |   0.0 |   395
        WizLab |       0 |   27972 |   0.0 |       0 |      32 |   0.0 |   951
               +---------+---------+-------+---------+---------+-------+---------

Vault maps used:
D:1:      dpeg_arrival_caged_fury, minmay_ruptured
D:2:      serial_forest, infiniplex_forest_lined_1,
          infiniplex_forest_straight_2, infiniplex_forest_end_2,
          infiniplex_forest_straight_4, infiniplex_forest_end_2,
          infiniplex_forest_clump_long, infiniplex_forest_lined_2,
          infiniplex_forest_clump_cross, minmay_tripent
D:3:      corner_web_ring
D:5:      black_bear_nest_1, minmay_temple_entry_glass, first_ration,
          hangedman_decor_growths, guppyfry_early_orc_mine
D:6:      nicolae_overflow_crystal_walls, moated_statue, kennysheep_donut
D:7:      lemuel_ice_spiral_2, nicolae_overflow_hidden_temple,
          chequers_temple_overflow_minitemple, serial_bayou,
          serial_bayou_crossing, serial_bayou_lagoon_b
D:8:      the_bakery, nicolae_tso_besieged_by_evil
D:9:      serial_undead, serial_undead_b, serial_undead_e, serial_undead_b,
          serial_undead_e, serial_undead_d
D:10:     dpeg_oklobed_lair
D:11:     lab_entry_generic, nicolae_zen_rock_garden
D:12:     erik_orc_4, serial_shops, kennysheep_little_box, kb_rosetta,
          uniq_sonja
D:13:     erik_vaults_2, serial_shops, shop, uniq_azrael
D:14:     serial_shops, shop, shop, nicolae_shop_competitors_out_of_business,
          nicolae_shop_stone, minmay_guarded_unrand_zonguldrok
D:15:     grunt_enter_depths_snipers, lemuel_crystal_altar, spider_trap,
          guppyfry_shop_earth
Temple:   minmay_temple_bridge_d
Lair:1:   enter_volcano_3, minmay_holes
Lair:2:   minivault_23, kennysheep_snail_temple, minmay_lair_oklob_chamber
Lair:3:   wad_woods_structure_01, minmay_swamp_entry_worms, uniq_gastronok
Lair:4:   minmay_snake_entry_guardpost_small, beast_lair_carwin_1,
          lemuel_fruit_fields
Lair:5:   beast_lair_carwin_5
Lair:6:   wormcave, slime_altar_1, eino_small_chamber_without_monster,
          uniq_rupert
Swamp:1:  nicolae_swamp_trees_clearing
Swamp:2:  hangedman_swamp_ruin_wall, uniq_louise
Swamp:3:  evilmike_swamp_ruin_house_4, swamp_pool3
Swamp:4:  swamp, swamp_pool1, infiniplex_staircase_pool
Snake:1:  st_stairs_3
Snake:3:  nicolae_snake_lava_pool, uniq_roxanne
Snake:4:  snake_pit, serial_shops, shop_statue, shop_statue, shop, shop_coins,
          shop, lemuel_fruit_tree
Orc:1:    mines2_david
Orc:2:    kennysheep_orc_mage_school, serial_shops, bzr_entry_gold, basic_altar
Elf:1:    elf_arrival_001, minmay_elf_crystal_heptagon, st_stairs_12,
          hangedman_summoners_spam, minmay_shoptagon
Elf:3:    minmay_elf_hall_quartered_circle, basic_altar,
          portal_ice_cave_entry_pillars_2, amethyst_killhole
Vaults:1: grunt_vaults_focal, hangedman_vaults_capsules, vaults_room_large_hall,
          hangedman_vaults_maws, ontoclasm_vaults_idyll, v_alt_pattern_1,
          grunt_vaults_hallway_short, ontoclasm_vaults_chip,
          nicolae_vaults_three_branches, vaults_room_door_ring, serial_shops,
          nicolae_shop_statue_plus
Vaults:2: nicolae_vaults_little_squares_5, v_pattern_1, hangedman_vaults_unwind,
          minmay_crypt_entry_nasty_monster, nicolae_vaults_rhombus_5,
          vaults_mumra_minichess_inversion, v_misc_4, hangedman_vaults_slice
Vaults:3: hangedman_vaults_hat, nicolae_vaults_little_squares_3, v_misc_24,
          v_alt_pattern_4, v_misc_18, nicolae_vaults_circle_grid_b,
          nicolae_vaults_yaktaur_gun_rack, nicolae_vaults_little_squares_2,
          v_alt_pattern_2, v_misc_28, hangedman_vaults_river_flow,
          vaults_room_door_ring, vaults_mumra_chevron_long,
          vaults_dpeg_diagonal, uniq_bai_suzhen, uniq_aizul, uniq_sojobo
Vaults:4: vaults_room_stairs_pillars, nicolae_vaults_branching_niches,
          nicolae_vaults_big_ls, v_misc_17, nicolae_vaults_specimen_jars,
          v_pattern_5, v_misc_12, v_misc_13, v_misc_5, ontoclasm_vaults_idyll,
          v_misc_29, vaults_dpeg_ring, nicolae_vaults_little_squares_1,
          mu_enter_wizlab_1, serial_glass, uniq_boris
Depths:1: minmay_shoctagon, serial_shops, shop_fountains, chequers_big_river,
          pan_entry, hell_entry, minmay_misc_feat_iff, minivault_16,
          nicolae_island_escapes, uniq_saint_roka
Depths:2: hangedman_six_sided_sadism, grunt_pan_entry_spiral, hell_entry,
          hangedman_decor_peaks_small, serial_bayou_pond_e,
          kennysheep_nondescript, kennysheep_generic_room_13,
          infiniplex_staircase_zigzag_4
Depths:3: abrahamwl_protected_by_tso_3, pf_vacation_house_of_asmodeus,
          rand_demon_pan_entry_9, grunt_ministairs_3,
          infiniplex_staircase_zigzag_1
Depths:4: minmay_the_grid_triangle_9x9_rhombus_full_mashed, abyss_entry,
          hell_entry, serial_bayou_lagoon_a
Depths:5: grunt_zot_entry_funnels, enter_ziggurat_c, pf_hell_entry_tar_river,
          minmay_shop_grove, serial_bayou_shore_a, uniq_frederick, uniq_jory
Zot:1:    hangedman_zot_decor_tridents
Zot:4:    st_stairs_5, grunt_ministairs_6, grunt_megastairs_3
Lab:      labyrinth_watery, nicolae_lab_grate, nicolae_lab_arrow
Bazaar:   bazaar_minmay_row
IceCv:    ice_cave_tombish
Volcano:  volcano_grotto
WizLab:   wizlab_iskenderun

Table legend:
 A = Turns spent in this place as a percentage of turns spent in the entire game.
 B = Non-inter-level travel turns spent in this place as a percentage of non-inter-level travel turns spent in the entire game.
 C = Inter-level travel turns spent in this place as a percentage of turns spent in this place.
 D = Turns resting spent in this place as a percentage of non-inter-level travel turns spent in this place.
 E = Turns spent auto-exploring this place as a percentage of non-inter-level travel turns spent in this place.
 F = Non-inter-level travel turns spent in this place divided by the number of levels of this place that you've seen.
                   A       B       C       D       E      F
               +-------+-------+-------+-------+-------+----------------------
         Total | 100.0 | 100.0 |   5.2 |  23.6 |  43.1 | 1169.7
       Dungeon |  28.7 |  28.5 |   5.7 |  28.6 |  42.2 | 1222.5
        Temple |   0.2 |   0.1 |  62.3 |   0.0 |  91.8 |  61.0
          Lair |  16.5 |  15.9 |   8.3 |  37.2 |  38.4 | 1708.7
         Swamp |   4.0 |   4.0 |   5.3 |   0.7 |  65.6 | 637.0
     Snake Pit |   7.9 |   8.0 |   3.7 |  21.9 |  42.0 | 1284.8
  Orcish Mines |   2.1 |   2.0 |  10.4 |  12.7 |  57.8 | 627.5
   Elven Halls |   5.5 |   5.5 |   4.4 |  12.7 |  45.8 | 1184.3
        Vaults |  12.3 |  12.4 |   4.6 |  13.9 |  46.7 | 1590.4
        Depths |  10.7 |  10.9 |   3.1 |  16.4 |  48.0 | 1405.4
           Zot |   9.3 |   9.6 |   1.6 |  25.8 |  36.9 | 1240.4
     Labyrinth |   0.2 |   0.2 |   0.0 |   0.0 |   0.0 | 148.0
        Bazaar |   0.0 |   0.0 |   0.0 |   0.0 |  77.8 |  27.0
      Ice Cave |   0.7 |   0.8 |   0.0 |   9.3 |  28.5 | 484.0
       Volcano |   0.6 |   0.6 |   0.0 |  45.8 |  12.7 | 395.0
        Wizlab |   1.4 |   1.5 |   0.0 |  32.2 |  25.6 | 951.0
               +-------+-------+-------+-------+-------+----------------------

Table legend:
 A = Kills in this place as a percentage of kills in entire the game.
 B = Kills by you in this place as a percentage of kills by you in the entire game.
 C = Kills by friends in this place as a percentage of kills by friends in the entire game.
 D = Other kills in this place as a percentage of other kills in the entire game.
 E = Experience gained in this place as a percentage of experience gained in the entire game.
 F = Experience gained in this place divided by the number of levels of this place that you have seen.
                   A       B       C       D       E      F
               +-------+-------+-------+-------+-------+----------------------
         Total | 100.0 | 100.0 | 100.0 | 100.0 | 100.0 | 28738.8
       Dungeon |  21.9 |  21.6 |  25.9 |   8.3 |   4.9 | 5188.8
          Lair |   6.1 |   6.6 |   3.2 |   0.0 |   3.3 | 8567.0
         Swamp |   5.1 |   4.7 |   8.5 |   0.0 |   3.4 | 13491.0
     Snake Pit |   8.6 |   7.5 |  17.7 |   4.2 |   6.3 | 25054.0
  Orcish Mines |   2.4 |   2.3 |   3.2 |   2.1 |   0.6 | 5048.5
   Elven Halls |   6.6 |   6.0 |  11.0 |   8.3 |   5.7 | 29805.7
        Vaults |  21.1 |  20.2 |  19.1 |  72.9 |  23.1 | 72875.4
        Depths |  17.9 |  19.9 |   5.7 |   2.1 |  23.7 | 74882.8
           Zot |   7.5 |   8.1 |   3.9 |   2.1 |  26.5 | 83835.4
     Labyrinth |   0.0 |   0.0 |   0.0 |   0.0 |   0.1 | 1277.0
      Ice Cave |   1.0 |   1.1 |   0.7 |   0.0 |   0.6 | 8911.0
       Volcano |   0.5 |   0.5 |   0.4 |   0.0 |   0.1 | 1576.0
        Wizlab |   1.3 |   1.4 |   0.7 |   0.0 |   1.8 | 27972.0
               +-------+-------+-------+-------+-------+----------------------
